 Dungeon Crawl Stone Soup version 0.27-a0-965-gbf8bb431c4 (webtiles) character file.

Game seed: 5071024996927807410

122 Lanoc the Digger (level 5, -8/29 HPs)
             Began as a Gargoyle Earth Elementalist on Apr 12, 2021.
             Was a Believer of Lugonu.
             Killed by divine providence
             ... invoked by an orc priest
              (11 damage)
             ... on level 4 of the Dungeon.
             The game lasted 00:04:36 (3960 turns).

Lanoc the Digger (Gargoyle Earth Elementalist)      Turns: 3960, Time: 00:04:37

Health: -8/29      AC:  6    Str: 10 (11) XL:     5   Next: 6%
Magic:  0/8        EV: 11    Int: 15 (16) God:    Lugonu [**....]
Gold:   77         SH:  4    Dex: 10 (11) Spells: 5/8 levels left

rFire    . . .     SeeInvis .   h - +0 rapier
rCold    . . .     Faith    .   d - +0 buckler
rNeg     + . .     Spirit   .   c - +0 robe
rPois    ∞         Reflect  .   (no helmet)
rElec    +         Harm     .   (no cloak)
rCorr    .         Rampage  .   (no gloves)
Will     .....                  (no boots)
Stlth    ++........             (no amulet)
HPRegen  0.09/turn              (no ring)
MPRegen  0.11/turn              (no ring)

@: brilliant, flying
A: AC +4, negative energy resistance 1, electricity resistance, torment
resistance 1, unbreathing 1, petrification resistance
a: Renounce Religion, Depart the Abyss, Bend Space


You were on level 4 of the Dungeon.
You worshipped Lugonu.
Lugonu was pleased with you.
You visited 1 branch of the dungeon, and saw 4 of its levels.

You collected 77 gold pieces.

Inventory:

Hand Weapons
 h - a +0 rapier (weapon)
Missiles
 b - 94 stones
Armour
 c - a +0 robe (worn)
 d - a +0 buckler (worn)
Wands
 j - a wand of flame (21)
 n - a wand of polymorph (8)
Scrolls
 a - a scroll of holy word
 e - a scroll of magic mapping {unknown}
 g - 2 scrolls of identify {unknown}
 o - a scroll of immolation {unknown}
 p - 2 scrolls of noise {unknown}
 q - a scroll of teleportation {unknown}
 s - a scroll of vulnerability {unknown}
Potions
 i - a potion of attraction
 l - a potion of degeneration


   Skills:
 + Level 1.2 Fighting
 + Level 2.3 Dodging
 - Level 2.1 Stealth
 * Level 2.0 Shields
 - Level 2.0 Spellcasting
 - Level 0.7 Transmutations
 * Level 5.3 Earth Magic


You had 5 spell levels left.
You knew the following spells:

 Your Spells              Type           Power      Damage    Failure   Level
a - Sandblast             Erth           52%        2d12      3%          1
b - Passwall              Tmut/Erth      12%        N/A       12%         2

Your spell library contained the following spells:

 Spells                   Type           Power      Damage    Failure   Level
 Stone Arrow              Conj/Erth      28%        3d8       28%         3
 Petrify                  Tmut/Erth      15%        N/A       63%         4
 Lee's Rapid Deconstruct  Erth           13%        3d10*     65%         5


Dungeon Overview and Level Annotations

Branches:
Dungeon (4/15)
 Temple: D:4-7

Altars:
Lugonu

Shops:
D:1 !


Innate Abilities, Weirdness & Mutations

Your stone body is resilient. (AC +4)
You are immune to poison.
You resist negative energy. (rN+)
You are resistant to electric shocks. (rElec)
You are resistant to unholy torment.
You can survive without breathing.
You are immune to petrification.


Message History

You hit the orc priest but do no damage.
The orc priest is almost dead.
The orc priest casts a cantrip, but nothing happens.
You barely miss the orc priest.
The orc priest is almost dead.
The orc priest misses you. The orc priest hits you with a +0 club.
You hit the orc priest but do no damage.
The orc priest is almost dead.
The orc priest closely misses you.
You hit the orc priest but do no damage.
The orc priest is almost dead.
The orc priest closely misses you.
You hit the orc priest but do no damage.
The orc priest is almost dead.
The orc priest calls down the wrath of Beogh upon you.
Beogh smites you!
* * * LOW HITPOINT WARNING * * *
You feel less attractive to monsters.
You hit the orc priest but do no damage.
The orc priest is severely wounded.
The orc priest looks braver for a moment.
The orc priest closely misses you.
Okay, then.
As you read the scroll labelled LITTOGROPP, it crumbles to dust.
You speak a Word of immense power!
It was a scroll of holy word.
You block the orc priest's attack.
You closely miss the orc priest.
The orc priest is severely wounded.
The orc priest barely misses you.
Casting: Sandblast (safe; 3% risk of failure)
Confirm with . or Enter, or press ? or * to list all spells.
Aiming: Sandblast (safe; 3% risk of failure)
Press: ? - help, Shift-Dir - straight line, f/p - orc priest
Aim: an orc priest, wielding a +0 club and wearing a +0 chain mail (severely wounded, 14% to evade)
You feel a surge of power!
The blast of sand hits the orc priest but does no damage.
The orc priest is severely wounded.
The orc priest invokes the aid of Beogh against you.
Beogh smites you!
You die...

#### ##..#
#@..# #o..#
##..# ##..#
###...#
#....##
##....#
###....##
..
##.#.#..###
# #>#


You could see an orc priest.

Vanquished Creatures
  A bullfrog skeleton (D:3)
  A hound skeleton (D:4)
  4 worms
  3 dart slugs (D:1)
  4 orcs
  5 bats
  6 endoplasms
  A giant cockroach (D:3)
  9 goblins
  4 hobgoblins
  2 quokkas (D:1)
  4 ball pythons
  4 frilled lizards
  5 kobolds
  6 rats
59 creatures vanquished.

Notes
Turn   | Place    | Note
-------+----------+-------------------------------------------
     0 | D:1      | Lanoc the Gargoyle Earth Elementalist began the quest for
                  | the Orb.
     0 | D:1      | Reached XP level 1. HP: 10/10 MP: 3/3
   324 | D:1      | Reached skill level 4 in Earth Magic
   519 | D:1      | Reached XP level 2. HP: 15/15 MP: 5/5
   651 | D:1      | Learned a level 2 spell: Passwall
  1081 | D:1      | Found Bioqal's Distillery.
  1212 | D:1      | Reached XP level 3. HP: 19/19 MP: 6/6
  2093 | D:2      | Found a faded altar of an unknown god.
  2101 | D:2      | Became a worshipper of Lugonu the Unformed
  2101 | D:2      | Reached * piety under Lugonu
  2101 | D:2      | Reached ** piety under Lugonu
  2335 | D:2      | Reached skill level 1 in Shields
  2953 | D:3      | Reached XP level 4. HP: 24/24 MP: 7/7
  3260 | D:3      | Reached skill level 5 in Earth Magic
  3266 | D:3      | Reached skill level 1 in Fighting
  3664 | D:4      | Reached XP level 5. HP: 29/29 MP: 3/8
  3931 | D:4      | HP: 1/29 [orc priest/divine providence (8)]
  3960 | D:4      | Killed from afar by an orc priest

Illustrated notes

Levels and vault maps discovered:
D:1:      giann_forest_graveyard, layout_loops_ring, serial_shops, shop_statue,
          st_stairs_5
D:2:      layout_basic, ebering_ecumenical_altar_webs
D:3:      layout_basic
D:4:      layout_cave_pools, nicolae_overflow_crystal_walls,
          nicolae_overflow_hidden_temple, corexii_shack

Skill      XL: |  1  2  3  4 |
---------------+-------------+-----
Earth Magic    | 4 5 |  5.3
Dodging        | 2 |  2.3
Shields        | 1 2 |  2.0
Fighting       | 1 |  1.2
Stealth        | |  2.1
Spellcasting   | |  2.0
Transmutations | |  0.7

Action                   |  1- 3 |  4- 6 || total
-------------------------+-------+-------++-------
Melee: Club              |    30 |       ||    30
       Unarmed           |     4 |       ||     4
       Rapier            |   108 |    64 ||   172
 Cast: Sandblast         |    13 |    27 ||    40
  Use: Potion            |       |     6 ||     6
       Scroll            |       |     1 ||     1
 Stab: Sleeping          |     5 |       ||     5
Armor: Robe              |    52 |    34 ||    86
Dodge: Dodged            |    87 |    45 ||   132
Block: Buckler           |    14 |     8 ||    22

Table legend: (Time is in decaauts)
 A = Elapsed time spent in this place.
 B = Non-inter-level travel time spent in this place.
 C = Inter-level travel time spent in this place.
 D = Time resting spent in this place.
 E = Time spent auto-exploring this place.
 F = Levels seen in this place.
 G = Mean time per level.
                   A        B        C        D        E       F      G
               +--------+--------+--------+--------+--------+-----+--------+
         Total |   4010 |   3898 |    112 |    232 |   3088 |   4 | 1002.5 |
       Dungeon |   4010 |   3898 |    112 |    232 |   3088 |   4 | 1002.5 |
               +--------+--------+--------+--------+--------+-----+--------+

Top non-repeatable levels by time:
     D:1: 1572 daAuts
     D:3: 1150 daAuts
     D:2: 1132 daAuts
     D:4: 154 daAuts
